3AA
OTTAWA NATIONALS @ FT. POLK SOUTH THUNDER HAWKS
08/18/2027
 
TOP OF THE 1ST
Ottawa Nationals batting - Pitching for Ft. Polk South Thunder Hawks : RHP Louis McDowell
Pitching: RHP Louis McDowell
Batting: RHB Howard Fewell 0-0: Called Strike
0-1: Ball
1-1: Called Strike
1-2: Ball
2-2: Fly out, F4 (Line Drive, 4)
Batting: RHB Tomás Bermúdez 0-0: Ball
1-0: Ball
2-0: Called Strike
2-1: Ball
3-1: Foul Ball, location: 2F
3-2: Fly out, F3 (Line Drive, 3S)
Batting: RHB Michael Peterson 0-0: Foul Ball, location: 2F
0-1: Ground out 2-3 (Groundball, 2L)
Top of the 1st over - 0 run(s), 0 hit(s), 0 error(s), 0 left on base; Ottawa 0 - Ft. Polk South 0
BOTTOM OF THE 1ST
Ft. Polk South Thunder Hawks batting - Pitching for Ottawa Nationals : RHP Travis Nelson
Pitching: RHP Travis Nelson
Batting: RHB Jorge Flores 0-0: Fly out, F9 (Flyball, 9LM)
Batting: RHB Jesús Torres 0-0: Called Strike
0-1: Foul Ball, location: 2F
0-2: Strikes out swinging
Batting: RHB Walt Shelton 0-0: Ball
1-0: Ball
2-0: Ball
3-0: Base on Balls
Batting: RHB José Morín 0-0: Called Strike
0-1: Swinging Strike
0-2: Strikes out swinging
Bottom of the 1st over - 0 run(s), 0 hit(s), 0 error(s), 1 left on base; Ottawa 0 - Ft. Polk South 0
TOP OF THE 2ND
Ottawa Nationals batting - Pitching for Ft. Polk South Thunder Hawks : RHP Louis McDowell
Batting: RHB Brandon Carroll 0-0: Foul Ball, location: 2F
0-1: Called Strike
0-2: Foul Ball, location: 2F
0-2: Ball
1-2: Ball
2-2: Strikes out swinging
Batting: RHB Duane Wills 0-0: Ball
1-0: Ball
2-0: Ground out 4-3 (Groundball, 34)
Batting: RHB Warren Martin 0-0: Swinging Strike
0-1: Ball
1-1: Foul Ball, location: 2F
1-2: Foul Ball, location: 2F
1-2: Fly out, F8 (Flyball, 8LM)
Top of the 2nd over - 0 run(s), 0 hit(s), 0 error(s), 0 left on base; Ottawa 0 - Ft. Polk South 0
BOTTOM OF THE 2ND
Ft. Polk South Thunder Hawks batting - Pitching for Ottawa Nationals : RHP Travis Nelson
Batting: SHB Lowell Mullins 0-0: Ball
1-0: Ball
2-0: Ball
3-0: Called Strike
3-1: SOLO HOME RUN (Flyball, 9D), Distance : 369 ft
Batting: LHB Kelly Drijver 0-0: Foul Ball, location: 2F
0-1: Called Strike
0-2: Ball
1-2: Ball
2-2: Strikes out swinging
Batting: RHB Peter Agulera 0-0: SINGLE (Line Drive, 6D)
Batting: RHB Gregory Shankland 0-0: Called Strike
0-1: Ball
1-1: Fly out, F7 (Flyball, 7LMF)
Batting: RHB David Phipps 0-0: Called Strike
0-1: Fielders Choice at 2nd, 6-4 (Groundball, 6)
Bottom of the 2nd over - 1 run(s), 2 hit(s), 0 error(s), 0 left on base; Ottawa 0 - Ft. Polk South 1
TOP OF THE 3RD
Ottawa Nationals batting - Pitching for Ft. Polk South Thunder Hawks : RHP Louis McDowell
Batting: LHB Jesús Mancía 0-0: Called Strike
0-1: Swinging Strike
0-2: Ball
1-2: Strikes out looking
Batting: RHB Ernest Daniels 0-0: Ball
1-0: Called Strike
1-1: Fly out, F8 (Line Drive, 8RM)
Batting: RHB Elia Amberezzio 0-0: Reached on error, E4 (Groundball, 4MD)
Batting: RHB Howard Fewell 0-0: Ball
1-0: Foul Ball, location: 2F
1-1: Foul Ball, location: 2F
1-2: Ball
2-2: Strikes out swinging
Top of the 3rd over - 0 run(s), 0 hit(s), 1 error(s), 1 left on base; Ottawa 0 - Ft. Polk South 1
BOTTOM OF THE 3RD
Ft. Polk South Thunder Hawks batting - Pitching for Ottawa Nationals : RHP Travis Nelson
Batting: RHB Jorge Flores 0-0: DOUBLE (Line Drive, 8LXD)
Batting: RHB Jesús Torres 0-0: Foul Ball, location: 2F
0-1: Swinging Strike
0-2: Ball
1-2: Strikes out swinging
Batting: RHB Walt Shelton 0-0: Fly out, F9 (Flyball, 9)
Batting: RHB José Morín 0-0: Ball
1-0: Fly out, F8 (Line Drive, 78M)
Bottom of the 3rd over - 0 run(s), 1 hit(s), 0 error(s), 1 left on base; Ottawa 0 - Ft. Polk South 1
TOP OF THE 4TH
Ottawa Nationals batting - Pitching for Ft. Polk South Thunder Hawks : RHP Louis McDowell
Batting: RHB Tomás Bermúdez 0-0: Swinging Strike
0-1: Swinging Strike
0-2: Strikes out swinging
Batting: RHB Michael Peterson 0-0: Ground out 4-3 (Groundball, 4S)
Batting: RHB Brandon Carroll 0-0: Ball
1-0: Ball
2-0: Ball
3-0: Base on Balls
Batting: RHB Duane Wills 0-0: Ball
1-0: Foul Ball, location: 2F
1-1: Ball
2-1: SINGLE (Groundball, 6MD)
Brandon Carroll to second
Batting: RHB Warren Martin 0-0: Ball
1-0: Called Strike
1-1: Swinging Strike
1-2: Strikes out swinging
Top of the 4th over - 0 run(s), 1 hit(s), 0 error(s), 2 left on base; Ottawa 0 - Ft. Polk South 1
BOTTOM OF THE 4TH
Ft. Polk South Thunder Hawks batting - Pitching for Ottawa Nationals : RHP Travis Nelson
Batting: SHB Lowell Mullins 0-0: Swinging Strike
0-1: Ball
1-1: Ball
2-1: Fly out, F4 (Line Drive, 34)
Batting: LHB Kelly Drijver 0-0: Called Strike
0-1: Ball
1-1: Ball
2-1: Foul Ball, location: 2F
2-2: SINGLE (Line Drive, 78S)
Batting: RHB Peter Agulera 0-0: Ball
1-0: Ball
2-0: Foul Ball, location: 2F
2-1: Foul Ball, location: 2F
2-2: Ball
3-2: SINGLE (Line Drive, 56D)
Kelly Drijver to second
Batting: RHB Gregory Shankland 0-0: Called Strike
0-1: Ball
1-1: Called Strike
1-2: Ball
2-2: Strikes out looking
Batting: RHB David Phipps 0-0: Called Strike
0-1: Ball
1-1: Foul Ball, location: 2F
1-2: DOUBLE (Line Drive, 89XD)
Kelly Drijver scores
Peter Agulera to third
Runner from 3rd tries for Home, SAFE, no throw
Batting: RHB Jorge Flores 0-0: Ball
1-0: Foul Ball, location: 2F
1-1: Ball
2-1: Foul Ball, location: 2F
2-2: Ball
3-2: Hit by Pitch
Batting: RHB Jesús Torres 0-0: Fielders Choice at 2nd, 6-4 (Groundball, 6)
Bottom of the 4th over - 2 run(s), 3 hit(s), 0 error(s), 1 left on base; Ottawa 0 - Ft. Polk South 3
TOP OF THE 5TH
Ottawa Nationals batting - Pitching for Ft. Polk South Thunder Hawks : RHP Louis McDowell
Batting: LHB Jesús Mancía 0-0: SINGLE (Flyball, 89S)
Batting: RHB Ernest Daniels 0-0: Ball
1-0: Called Strike
1-1: Ball
2-1: Foul Ball, location: 2F
2-2: Foul Ball, location: 2F
2-2: Strikes out swinging
Batting: RHB Elia Amberezzio 0-0: Ball
1-0: Swinging Strike
1-1: Ground out 5-3 (Groundball, 5S)
Jesús Mancía to second
Batting: RHB Howard Fewell 0-0: Foul Ball, location: 2F
0-1: Called Strike
0-2: Ball
1-2: Foul Ball, location: 2F
1-2: Foul Ball, location: 2F
1-2: Foul Ball, location: 2F
1-2: SINGLE (Flyball, 8RS)
Jesús Mancía to third
Runner from 3rd tries for Home, SAFE, no throw
Pitching: RHP Rubén Sánchez
Batting: RHB Tomás Bermúdez 0-0: Ball
Howard Fewell is caught stealing 2nd base
Top of the 5th over - 1 run(s), 2 hit(s), 0 error(s), 0 left on base; Ottawa 1 - Ft. Polk South 3
BOTTOM OF THE 5TH
Ft. Polk South Thunder Hawks batting - Pitching for Ottawa Nationals : RHP Travis Nelson
Batting: RHB Walt Shelton 0-0: Ball
1-0: Ground out 6-3 (Groundball, 6S)
Batting: RHB José Morín 0-0: Fly out, F9 (Flyball, 9S)
Batting: SHB Lowell Mullins 0-0: Ball
1-0: Foul Ball, location: 2F
1-1: Called Strike
1-2: Ball
2-2: Ball
3-2: Base on Balls
Batting: LHB Kelly Drijver 0-0: Foul Ball, location: 2F
0-1: Fielders Choice at 2nd, 4-6 (Groundball, 4)
Bottom of the 5th over - 0 run(s), 0 hit(s), 0 error(s), 0 left on base; Ottawa 1 - Ft. Polk South 3
TOP OF THE 6TH
Ottawa Nationals batting - Pitching for Ft. Polk South Thunder Hawks : RHP Rubén Sánchez
Batting: RHB Tomás Bermúdez 0-0: Ball
1-0: Foul Ball, location: 2F
1-1: Ball
2-1: Ball
3-1: Ground out 5-3 (Groundball, 56S)
Batting: RHB Michael Peterson 0-0: Swinging Strike
0-1: Ball
1-1: Foul Ball, location: 2F
1-2: Ball
2-2: Fly out, F5 (Line Drive, 5)
Batting: RHB Brandon Carroll 0-0: Called Strike
0-1: Called Strike
0-2: Ball
1-2: Ball
2-2: Strikes out looking
Top of the 6th over - 0 run(s), 0 hit(s), 0 error(s), 0 left on base; Ottawa 1 - Ft. Polk South 3
BOTTOM OF THE 6TH
Ft. Polk South Thunder Hawks batting - Pitching for Ottawa Nationals : RHP Travis Nelson
Batting: RHB Peter Agulera 0-0: Ball
1-0: Foul Ball, location: 2F
1-1: Foul Ball, location: 2F
1-2: Ground out 4-3 (Groundball, 4)
Batting: RHB Gregory Shankland 0-0: Ball
1-0: Ball
2-0: Ball
3-0: Base on Balls
Batting: RHB David Phipps 0-0: Foul Ball, location: 2F
0-1: Ball
1-1: Foul Ball, location: 2F
1-2: Ball
2-2: Grounds into double play, 6-4-3 (Groundball, 6)
Bottom of the 6th over - 0 run(s), 0 hit(s), 0 error(s), 0 left on base; Ottawa 1 - Ft. Polk South 3
TOP OF THE 7TH
Ottawa Nationals batting - Pitching for Ft. Polk South Thunder Hawks : RHP Rubén Sánchez
Batting: RHB Duane Wills 0-0: Ball
1-0: Foul Ball, location: 2F
1-1: Swinging Strike
1-2: Fly out, F4 (Line Drive, 4M)
Batting: RHB Warren Martin 0-0: Ball
1-0: Foul Ball, location: 2F
1-1: Foul Ball, location: 2F
1-2: Ball
2-2: Strikes out swinging
Batting: LHB Jesús Mancía 0-0: Ball
1-0: Called Strike
1-1: Foul Ball, location: 2F
1-2: Strikes out swinging
Top of the 7th over - 0 run(s), 0 hit(s), 0 error(s), 0 left on base; Ottawa 1 - Ft. Polk South 3
BOTTOM OF THE 7TH
Ft. Polk South Thunder Hawks batting - Pitching for Ottawa Nationals : RHP Travis Nelson
Batting: RHB Jorge Flores 0-0: Foul Ball, location: 2F
0-1: Ball
1-1: Foul Ball, location: 2F
1-2: Ball
2-2: Ball
3-2: Ground out 6-3 (Groundball, 6)
Batting: RHB Jesús Torres 0-0: Called Strike
0-1: Swinging Strike
0-2: Ball
1-2: Ball
2-2: Fly out, F4 (Line Drive, 4)
Batting: RHB Walt Shelton 0-0: Swinging Strike
0-1: Foul Ball, location: 2F
0-2: Foul Ball, location: 2F
0-2: Foul Ball, location: 2F
0-2: SINGLE (Groundball, 6MD)
Pitching: RHP Neal Davis
Batting: RHB José Morín 0-0: Called Strike
0-1: Ball
1-1: Ball
2-1: Called Strike
2-2: Foul Ball, location: 2F
2-2: Ball
3-2: Foul Ball, location: 2F
3-2: Foul Ball, location: 2F
3-2: Strikes out swinging
Bottom of the 7th over - 0 run(s), 1 hit(s), 0 error(s), 1 left on base; Ottawa 1 - Ft. Polk South 3
TOP OF THE 8TH
Ottawa Nationals batting - Pitching for Ft. Polk South Thunder Hawks : RHP Rubén Sánchez
Batting: RHB Ernest Daniels 0-0: Ball
1-0: Ball
2-0: Called Strike
2-1: Swinging Strike
2-2: Foul Ball, location: 2F
2-2: Ball
3-2: Foul Ball, location: 2F
3-2: Base on Balls
Pitching: RHP Gil Reeves
Batting: RHB Elia Amberezzio 0-0: Called Strike
0-1: Ball
1-1: Called Strike
1-2: Ball
2-2: Ball
3-2: Fly out, F8 (Flyball, 8LS)
Batting: RHB Howard Fewell 0-0: Called Strike
0-1: Ball
1-1: Ball
2-1: Foul Ball, location: 2F
2-2: Fly out, F8 (Line Drive, 8RM)
Batting: RHB Tomás Bermúdez 0-0: Called Strike
0-1: SINGLE (Groundball, 6MD)
Ernest Daniels to second
Batting: RHB Michael Peterson 0-0: Called Strike
0-1: SINGLE (Line Drive, 56D)
Ernest Daniels to third
Tomás Bermúdez to second
Runner from 3rd tries for Home, SAFE, no throw
Batting: RHB Brandon Carroll 0-0: Ball
1-0: Called Strike
1-1: Foul Ball, location: 2F
1-2: Foul Ball, location: 2F
1-2: Foul Ball, location: 2F
1-2: Strikes out swinging
Top of the 8th over - 1 run(s), 2 hit(s), 0 error(s), 2 left on base; Ottawa 2 - Ft. Polk South 3
BOTTOM OF THE 8TH
Ft. Polk South Thunder Hawks batting - Pitching for Ottawa Nationals : RHP Neal Davis
Batting: SHB Lowell Mullins 0-0: Foul Ball, location: 2F
0-1: Ball
1-1: Called Strike
1-2: Ball
2-2: Foul Ball, location: 2F
2-2: Fly out, F8 (Line Drive, 8LM)
Batting: LHB Kelly Drijver 0-0: Ball
1-0: Ground out 4-3 (Groundball, 4)
Batting: RHB Peter Agulera 0-0: Ball
1-0: Ball
2-0: Ball
3-0: Foul Ball, location: 2F
3-1: Foul Ball, location: 2F
3-2: Strikes out looking
Bottom of the 8th over - 0 run(s), 0 hit(s), 0 error(s), 0 left on base; Ottawa 2 - Ft. Polk South 3
TOP OF THE 9TH
Ottawa Nationals batting - Pitching for Ft. Polk South Thunder Hawks : RHP Gil Reeves
Pitching: RHP Tommy Rowe
Batting: RHB Duane Wills 0-0: Ball
1-0: Ball
2-0: Called Strike
2-1: Called Strike
2-2: Ball
3-2: Base on Balls
Batting: RHB Warren Martin 0-0: Bunted foul
0-1: Bunted foul
0-2: Fly out, F7 (Line Drive, 78D)
Now in LF: Will Huggins
Batting: LHB Jesús Mancía 0-0: Foul Ball, location: 2F
0-1: 2-RUN HOME RUN (Flyball, 9LD), Distance : 322 ft
Batting: RHB Ernest Daniels 0-0: Foul Ball, location: 2F
0-1: DOUBLE (Line Drive, 7LM)
Batting: RHB Elia Amberezzio 0-0: Ball
1-0: Called Strike
1-1: Called Strike
1-2: Hit by Pitch
Pinch Hitting: RHB Markus Thompson 0-0: Ground out 5-3 (Groundball, 56S)
Ernest Daniels to third
Elia Amberezzio to second
Batting: RHB Tomás Bermúdez 0-0: Ball
1-0: Ball
2-0: Foul Ball, location: 2F
2-1: SINGLE (Groundball, 34D)
Ernest Daniels scores
Elia Amberezzio to third
Runner from 3rd tries for Home, SAFE, no throw
Pitching: RHP Ramón Solís
Batting: RHB Michael Peterson 0-0: Ball
Tomás Bermúdez is caught stealing 2nd base
Top of the 9th over - 4 run(s), 3 hit(s), 0 error(s), 0 left on base; Ottawa 6 - Ft. Polk South 3
BOTTOM OF THE 9TH
Ft. Polk South Thunder Hawks batting - Pitching for Ottawa Nationals : RHP Neal Davis
Pitching: RHP Fernando Espinosa
Now in CF: Eduardo Morales
Batting: RHB Gregory Shankland 0-0: Called Strike
0-1: Ball
1-1: Swinging Strike
1-2: Foul Ball, location: 2F
1-2: Foul Ball, location: 2F
1-2: Strikes out swinging
Batting: RHB David Phipps 0-0: Called Strike
0-1: Called Strike
0-2: Strikes out swinging
Batting: RHB Jorge Flores 0-0: Called Strike
0-1: Foul Ball, location: 2F
0-2: Ball
1-2: Ball
2-2: Foul Ball, location: 2F
2-2: Ball
3-2: SINGLE (Groundball, 4MD)
Batting: RHB Jesús Torres 0-0: Swinging Strike
0-1: SINGLE (Line Drive, 6M)
Jorge Flores to second
Batting: RHB Walt Shelton 0-0: Called Strike
0-1: Ball
1-1: Ball
2-1: Foul Ball, location: 2F
2-2: Strikes out swinging
Bottom of the 9th over - 0 run(s), 2 hit(s), 0 error(s), 2 left on base; Ottawa 6 - Ft. Polk South 3
Saturday, May 26th, 2018 - OOTP Baseball 17.12 Build 75